 Dungeon Crawl Stone Soup version 0.27-a0-998-g4cfe56dd59 (webtiles) character file.

Game seed: 1338288482912859739

2478 p0werm0de the Skirmisher (level 9, -1/58 HPs)
             Began as a Gargoyle Fighter on Apr 16, 2021.
             Was a Believer of Okawaru.
             Killed from afar by a manticore (17 damage)
             ... with a volley of spikes
             ... on level 7 of the Dungeon.
             The game lasted 00:04:06 (6212 turns).

p0werm0de the Skirmisher (Gargoyle Fighter)         Turns: 6212, Time: 00:04:06

Health: -1/58      AC: 29    Str: 22    XL:     9   Next: 51%
Magic:  10/11      EV: 10    Int:  9    God:    Okawaru [**....]
Gold:   209        SH: 14    Dex: 12    Spells: 8/8 levels left

rFire    . . .     SeeInvis .   a - +1 war axe
rCold    . . .     Faith    .   b - +2 kite shield
rNeg     + . .     Spirit   .   g - +8 chain mail "Ruavidul" {Dex+2}
rPois    ∞         Reflect  .   s - +0 helmet
rElec    +         Harm     .   (no cloak)
rCorr    .         Rampage  .   p - +0 pair of gloves
Will     +....                  (no boots)
Stlth    ..........             (no amulet)
HPRegen  0.19/turn              k - ring of willpower
MPRegen  0.12/turn              (no ring)

@: heroic, spiked
A: AC +6, negative energy resistance 1, electricity resistance, torment
resistance 1, unbreathing 1, petrification resistance
a: Renounce Religion, Heroism


You were on level 7 of the Dungeon.
You worshipped Okawaru.
Okawaru was pleased with you.
You visited 2 branches of the dungeon, and saw 8 of its levels.

You collected 1149 gold pieces.
You spent 940 gold pieces at shops.

Inventory:

Hand Weapons
 a - a +1 war axe (weapon)
Armour
 b - a +2 kite shield (worn)
   (You found it on level 7 of the Dungeon)
 g - the +8 chain mail "Ruavidul" (worn) {Dex+2}
   (You bought it in a shop on level 5 of the Dungeon)

   It affects your dexterity (+2).
 p - a +0 pair of gloves (worn)
   (You found it on level 4 of the Dungeon)
 s - a +0 helmet (worn)
   (You found it on level 4 of the Dungeon)
Jewellery
 k - a ring of willpower (left hand)
   (You took it off a hobgoblin on level 2 of the Dungeon)
Wands
 j - a wand of iceblast (3)
   (You found it on level 2 of the Dungeon)
Scrolls
 e - 4 scrolls of enchant weapon
 h - a scroll of magic mapping
 i - a scroll of immolation
 n - a scroll of noise
 t - 6 scrolls of teleportation
 u - a scroll of enchant armour
Potions
 c - a potion of heal wounds {unknown}
 d - a potion of might
 l - a potion of invisibility
 m - a potion of brilliance
 o - a potion of cancellation


   Skills:
 * Level 7.7(12.7) Fighting
 * Level 6.0(11.0) Axes
 + Level 5.8(10.8) Armour
 + Level 1.8(6.8) Dodging
 + Level 6.0(11.0) Shields
 * Level 3.8 Invocations
 + Level 3.1 Evocations


You had 8 spell levels left.
You didn't know any spells.
Your spell library was empty.

Dungeon Overview and Level Annotations

Branches:
Dungeon (7/15)             Temple (1/1) D:6

Altars:
Ashenzari
Cheibriados
Dithmenos
Elyvilon
Fedhas
Gozag
Hepliaklqana
Kikubaaqudgha
Makhleb
Okawaru
Ru
Sif Muna
Trog
Vehumet
Wu Jian
Xom
Zin
The Shining One

Shops:
D:5 *


Innate Abilities, Weirdness & Mutations

Your stone body is resilient. (AC +6)
You are immune to poison.
You resist negative energy. (rN+)
You are resistant to electric shocks. (rElec)
You are resistant to unholy torment.
You can survive without breathing.
You are immune to petrification.


Message History

You block the manticore's attack. The manticore closely misses you.
The manticore claws you but does no damage.
You slash the manticore!
The manticore is heavily wounded.
You block the manticore's attack. x2
The manticore claws you but does no damage.
You hit the manticore.
The manticore is heavily wounded.
The manticore bites you! The manticore claws you!
You block the manticore's attack.
You hit the manticore but do no damage.
The manticore is heavily wounded.
The manticore barely misses you. You block the manticore's attack.
The manticore claws you but does no damage.
You hit the manticore but do no damage.
The manticore is heavily wounded.
You block the manticore's attack. x2
The manticore claws you but does no damage.
You hit the manticore.
The manticore is heavily wounded.
You block the manticore's attack.
The manticore claws you but does no damage. x2
You hit the manticore.
The manticore is heavily wounded.
The manticore bites you!
* * * LOW HITPOINT WARNING * * *
The manticore claws you but does no damage.
You block the manticore's attack.
You are too injured to fight recklessly!
You are too injured to fight recklessly!
You are too injured to fight recklessly!
You are too injured to fight recklessly!
You are too injured to fight recklessly!
You are too injured to fight recklessly!
A manticore is nearby!
Okay, then.
The manticore flicks its tail.
The volley of spikes hits you!
The barbed spikes become lodged in your body.
You die...

#...#.♣.♣...♣ ♣).
#...#.♣.♣.#.♣ ♣.#
##..#.....#.....#
###.#♣♣.♣♣###.###
##...#♣♣.♣ ♣.♣
#....#♣.♣♣ ♣ ♣ #
####....#♣♣.♣♣ #
##.#.[...#♣♣♣.♣ #
#..#.@...#♣...♣# #
#........#.###.# #
###..H#.....#.#.#
#
##....###..^.#.'.#
#...).# #....#.#.#
###...###..#.###.#
#.....#..#♣...♣#
####.....# ♣♣.♣ ##
#....#.# .♣♣ #


You could see a manticore.

Vanquished Creatures
  A wyvern (D:7)
  2 steam dragons (D:7)
  2 ice beasts (D:7)
  A sky beast (D:7)
  An orc warrior (D:7)
  3 ogres (D:5)
  A kobold brigand (D:7)
  4 bullfrogs
  A wyvern zombie (D:7)
  2 wyvern skeletons
  A water moccasin zombie (D:5)
  2 bullfrog zombies (D:7)
  3 howler monkeys (D:7)
  4 centaur zombies
  4 hounds
  2 orc priests (D:7)
  3 centaur skeletons
  5 iguanas
  2 orc wizards
  A hound zombie (D:5)
  9 adders
  A howler monkey skeleton (D:7)
  A shadow imp (D:7)
  A white imp (D:6)
  2 ufetubi
  4 worms
  A dart slug (D:1)
  11 orcs
  3 endoplasms
  3 giant cockroaches
  4 goblins
  7 hobgoblins
  3 jackals (D:1)
  3 kobolds
  7 ball pythons
  A bat (D:2)
  2 frilled lizards
  4 rats
112 creatures vanquished.

Notes
Turn   | Place    | Note
-------+----------+-------------------------------------------
     0 | D:1      | p0werm0de the Gargoyle Fighter began the quest for the Orb.
     0 | D:1      | Reached XP level 1. HP: 14/14 MP: 1/1
   177 | D:1      | Reached XP level 2. HP: 11/19 MP: 2/2
   368 | D:1      | Found a faded altar of an unknown god.
   696 | D:2      | Reached XP level 3. HP: 19/24 MP: 3/3
   899 | D:2      | Reached skill level 4 in Fighting
   955 | D:2      | Reached XP level 4. HP: 29/29 MP: 4/4
  1414 | D:2      | Reached XP level 5. HP: 29/34 MP: 5/5
  1687 | D:3      | Found a radiant altar of Vehumet.
  2534 | D:4      | Found an ornate altar of the Wu Jian Council.
  2617 | D:4      | Reached XP level 6. HP: 40/40 MP: 6/6
  2829 | D:5      | Entered Level 5 of the Dungeon
  2856 | D:5      | Found Cik Xue's General Store.
  2866 | D:5      | Reached skill level 5 in Fighting
  3348 | D:5      | Reached skill level 1 in Evocations
  3348 | D:5      | Reached XP level 7. HP: 44/44 MP: 7/7
  3554 | D:5      | Bought a scroll of identify for 28 gold pieces
  3554 | D:5      | Bought a scroll of identify for 28 gold pieces
  3557 | D:5      | Identified a scroll of acquirement
  3560 | D:5      | Acquired 804 gold pieces
  3562 | D:5      | Bought the +8 chain mail "Ruavidul" {Dex+2} for 779 gold
                  | pieces
  3562 | D:5      | Bought a scroll of enchant weapon for 105 gold pieces
  3840 | D:5      | Reached skill level 6 in Fighting
  4277 | D:6      | Reached skill level 5 in Shields
  4283 | D:6      | Reached XP level 8. HP: 46/52 MP: 8/8
  4366 | D:6      | Reached skill level 5 in Armour
  4588 | D:6      | Found a staircase to the Ecumenical Temple.
  4657 | Temple   | Entered the Ecumenical Temple
  4836 | Temple   | Became a worshipper of Warmaster Okawaru
  4930 | D:7      | Reached skill level 5 in Axes
  4934 | D:7      | Reached skill level 1 in Invocations
  5436 | D:7      | Reached * piety under Okawaru
  5437 | D:7      | Reached skill level 7 in Fighting
  5437 | D:7      | Reached skill level 1 in Dodging
  5504 | D:7      | Noticed a wyvern
  5512 | D:7      | Reached XP level 9. HP: 47/57 MP: 10/10
  5551 | D:7      | Reached ** piety under Okawaru
  6196 | D:7      | Noticed a manticore
  6212 | D:7      | Killed from afar by a manticore

Illustrated notes

Levels and vault maps discovered:
D:1:      minmay_arrival_hallway, layout_basic, ebering_ecumenical_altar_hall,
          kennysheep_nondescript
D:2:      layout_loops_corners, grunt_decor_clamped
D:3:      layout_loops_ring, lemuel_tele_altar, kennysheep_decorative_pillar
D:4:      layout_gridville, kennysheep_mini_moat
D:5:      layout_rooms, serial_shops, nicolae_shop_statue_plus,
          chequers_serial_rivers_small_3, chequers_serial_rivers_room_b
D:6:      layout_loops_ring, minmay_temple_entry_statues
D:7:      nzn_winding_woodlands_medium [nzn_winding_woodlands_5x5_three,
          nzn_winding_woodlands_5x15_cabin, nzn_winding_woodlands_5x5_default,
          nzn_winding_woodlands_5x5_perimeter,
          nzn_winding_woodlands_center_pierced_h,
          nzn_winding_woodlands_5x5_checkerboard,
          nzn_winding_woodlands_hourglass, nzn_winding_woodlands_5x15_parted,
          nzn_winding_woodlands_5x5_closed_star], layout_cave_pools,
          lemuel_doored_altar, uniq_crazy_yiuf_cottage
Temple:   eino_temple_scatter_basement

Skill      XL: |  1  2  3  4  5  6  7  8  9 |
---------------+----------------------------+-----
Axes           | 2 3 4 5 6 |  6.0
Fighting       | 4 5 6 7 |  7.7
Shields        | 4 5 6 |  6.0
Armour         | 4 5 |  5.8
Evocations     | 1 2 3 |  3.1
Invocations    | 2 3 |  3.8
Dodging        | 1 |  1.8

Action                   |  1- 3 |  4- 6 |  7- 9 || total
-------------------------+-------+-------+-------++-------
Melee: War axe           |    76 |   128 |   243 ||   447
Invok: Heroism           |       |       |     1 ||     1
Evoke: Wand              |       |       |     3 ||     3
  Use: Scroll            |       |     3 |    10 ||    13
       Potion            |       |     6 |     1 ||     7
Armor: Scale mail        |    46 |    81 |    34 ||   161
       Chain mail        |       |       |   202 ||   202
Dodge: Dodged            |    28 |    49 |    82 ||   159
Block: Kite shield       |    45 |    86 |   192 ||   323

Table legend: (Time is in decaauts)
 A = Elapsed time spent in this place.
 B = Non-inter-level travel time spent in this place.
 C = Inter-level travel time spent in this place.
 D = Time resting spent in this place.
 E = Time spent auto-exploring this place.
 F = Levels seen in this place.
 G = Mean time per level.
                   A        B        C        D        E       F      G
               +--------+--------+--------+--------+--------+-----+--------+
         Total |   6435 |   6096 |    339 |    841 |   4093 |   8 |  804.4 |
       Dungeon |   6225 |   5912 |    313 |    841 |   3911 |   7 |  889.3 |
        Temple |    209 |    183 |     26 |      0 |    182 |   1 |  209.0 |
               +--------+--------+--------+--------+--------+-----+--------+

Top non-repeatable levels by time:
     D:5: 1213 daAuts
     D:7: 1073 daAuts
     D:2: 1069 daAuts
     D:6: 955 daAuts
     D:4: 740 daAuts
     D:3: 653 daAuts
     D:1: 518 daAuts
  Temple: 209 daAuts
